 Dungeon Crawl Stone Soup version bcrawl-1.37.2 (webtiles) character file.

Game seed: 8962501868854967707

147695 AppleFox63 the Ogre Mage (level 7, -11/71 HPs)
             Began as an Ogre Earth Elementalist on Dec 27, 2022.
             Was a Believer of Jiyva.
             Mangled by a wandering mushroom (15 damage)
             ... created by the enmity of Fedhas Madash
             ... on level 4 of the Dungeon.
             The game lasted 00:31:40 (5096 turns).

AppleFox63 the Ogre Mage (Ogre Earth Elementalist)  Turns: 5096, Time: 00:31:41

Health: -11/71     AC: -4    Str: 14    XL:     7   Next: 17%
Magic:  15/15      EV:  8    Int: 17    God:    Jiyva [**....]
Gold:   218        SH:  0    Dex:  9    Spells: 14/17 levels left

rFire    . . .     GDR:     21% m - +0 dagger (drain)
rCold    . . .     SeeInvis .   g - +0 medium shield
rNeg     . . .     Gourm    .   p - +0 robe
rPois    .         Faith    .   (helmet restricted)
rElec    .         Spirit   .   F - scarf {clouds}
rCorr    +         Reflect  .   (gloves unavailable)
MR       .....                  (boots unavailable)
Stlth    +.........             (no amulet)
HPRegen  0.21/turn              (no ring)
MPRegen  0.14/turn              (no ring)

@: confused, corroded
A: large, unfitting armour, tough skin 1, gelatinous body 1
a: Request Jelly, Evolve, Renounce Religion, Evoke Fog


You were on level 4 of the Dungeon.
You worshipped Jiyva.
Jiyva was pleased with you.
You were hungry.

You visited 1 branch of the dungeon, and saw 4 of its levels.

You collected 218 gold pieces.

Inventory:

Hand Weapons
 a - a -2 short sword
 d - a +0 hand axe
 j - a +0 dagger
 l - a +3 hunting sling
 m - a +0 dagger of draining (weapon)
 B - a +0 blowgun
Missiles
 b - 357 stones
 k - 26 poisoned tomahawks (quivered)
 n - 64 needles of confusion
 v - 102 arrows
 C - 105 poisoned needles
Armour
 c - a +0 robe
 f - a +0 ring mail
 g - a +0 medium shield (worn)
 p - a +0 robe (worn)
 r - a +0 pair of boots
 A - a +0 cloak
 F - a scarf of clouds (worn)
Jewellery
 H - the ring "Heom Xank" {Ice MR+ Str+2 Int-3, unknown}
   (You found it on level 4 of the Dungeon)

   [ring of ice]

   It enhances your ice magic.
   It affects your strength (+2).
   It affects your intelligence (-3).
   It makes you vulnerable to fire.
   It protects you from cold.
   It affects your resistance to hostile enchantments.
 J - a cursed ring of teleportation {unknown}
Scrolls
 i - 4 scrolls of identify
 o - 2 scrolls of teleportation
 q - a scroll of enchant weapon {unknown}
 w - a scroll of noise {unknown}
 y - a scroll of immolation {unknown}
 z - a scroll of remove curse
 G - a scroll of fog {unknown}
Potions
 h - a potion of heal wounds {unknown}
 s - a potion of lignification {unknown}
 t - a potion of degeneration {unknown}
 u - 5 potions of flight {unknown}
 x - 2 potions of mutation {unknown}
 E - a potion of might {unknown}
 I - a potion of haste {unknown}
Comestibles
 e - 10 rations {!d}


   Skills:
 * Level 4.4 Fighting
 - Level 1.0 Axes
 + Level 2.7 Dodging
 - Level 1.5 Stealth
 + Level 1.2 Shields
 - Level 0.8 Unarmed Combat
 - Level 5.8 Spellcasting
 - Level 0.9 Transmutations
 - Level 3.5 Earth Magic


You had 14 spell levels left.
You knew the following spells:

 Your Spells              Type           Power        Failure   Level  Hunger
a - Sandblast             Erth           ###...       24%         1    None
b - Passwall              Tmut/Erth      ##......     52%         2    None

Your spell library contained the following spells:

 Spells                   Type           Power        Failure   Level  Hunger
 Stone Arrow              Conj/Erth      ##....       82%         3    ##.....
 Petrify                  Tmut/Erth      ##........   98%         4    ####...
 Lee's Rapid Deconstruct  Erth           ###.......   100%        5    ######.


Dungeon Overview and Level Annotations

Branches:
Dungeon (4/12)
 Temple: D:4-7

Altars:
Ashenzari
Fedhas
Hepliaklqana
Kikubaaqudgha
Lugonu
Jiyva

Annotations:
D:4 exclusion: 2 oklob plants


Innate Abilities, Weirdness & Mutations

You are too large for most types of armour.
You have tough skin. (AC +1)
Your rubbery body absorbs attacks. (AC +1, EV +1)


Message History

The oklob plant spits acid at you.
Fedhas protects a plant from harm. x2
You resist. The splash of acid hits you. The acid corrodes you!
You are splashed with acid.
You resist.
* * * LOW HITPOINT WARNING * * *
The oklob plant spits acid at you.
Fedhas protects a plant from harm.
You resist. The splash of acid hits you.
* * * LOW HITPOINT WARNING * * *
The acid corrodes you!
You are splashed with acid.
You resist.
* * * LOW HITPOINT WARNING * * *
The wandering mushroom releases spores at you.
* * * LOW HITPOINT WARNING * * *
You are engulfed in a cloud of spores!
You are confused.
The oklob plant spits acid at you.
Fedhas protects a plant from harm.
The splash of acid misses you.
The wandering mushroom releases spores at you!
You die...

#.....#.###.......#.
####.#........#...#..##
#......#.#.##.##.##...J
#####
#.##.###.#.#..##.###.#.
#.>.######.##.....#.......#
#...
#.#........##########.#####
###. #...##.############
#.# #.
##...####.........###.####
#. ###.#
#...P.f@.........######.
#.#
#.<...f.#.#.#.##........
#.#
#...Pf..#.#.............
#.##
#.......#.#...##........
#..#
#.........#..###.#####..
##.# #.......###......# #..
#.# ######### ##.##### #..
###.#### #.# #.. #......#
#.# #..


You could see 2 oklob plants and 3 wandering mushrooms.

Vanquished Creatures
  2 orc priests (D:4)
  A hound (D:4)
  Jessica (D:2)
  3 orc wizards
  2 worker ants (D:4)
  5 adders
  4 gnolls (D:3)
  2 worms
  3 dart slugs
  6 leopard geckos
  18 orcs
  5 bats
  4 giant cockroaches
  6 goblins
  11 hobgoblins
  11 jackals
  2 quokkas
  2 frilled lizards (D:1)
  4 kobolds
  7 rats
99 creatures vanquished.

Vanquished Creatures (others)
  3 jellies (D:4)
  An orc priest (D:4)
  An orc (D:4)
  A ball lightning (D:4)
  6 toadstools (D:3)
12 creatures vanquished.

Grand Total: 111 creatures vanquished

Notes
Turn   | Place    | Note
-------+----------+-------------------------------------------
     0 | D:1      | AppleFox63 the Ogre Earth Elementalist began the quest for
                  | the Orb.
     0 | D:1      | Reached XP level 1. HP: 16/16 MP: 3/3
   277 | D:1      | Reached XP level 2. HP: 26/26 MP: 3/5
   305 | D:1      | Learned a level 2 spell: Passwall
   438 | D:1      | Reached skill level 1 in Fighting
   722 | D:1      | Reached XP level 3. HP: 33/33 MP: 5/7
  1147 | D:2      | Noticed Jessica
  1301 | D:2      | Killed Jessica
  1302 | D:2      | Reached skill level 3 in Spellcasting
  1302 | D:2      | Reached XP level 4. HP: 32/42 MP: 0/8
  1639 | D:2      | Reached skill level 1 in Axes
  1783 | D:2      | Found a faded altar of an unknown god.
  1783 | D:2      | Found a faded altar of an unknown god.
  1783 | D:2      | Found a hazy altar of Hepliaklqana.
  1783 | D:2      | Found a faded altar of an unknown god.
  1795 | D:2      | Found a faded altar of an unknown god.
  1838 | D:2      | Prayed at the altar of an unknown god.
  1838 | D:2      | Became a worshipper of Fedhas Madash
  1838 | D:2      | Reached * piety under Fedhas
  2589 | D:3      | Reached XP level 5. HP: 52/52 MP: 8/10
  2891 | D:3      | Reached skill level 4 in Spellcasting
  3019 | D:3      | Found a corrupted altar of Lugonu.
  3161 | D:3      | Found a faded altar of an unknown god.
  3180 | D:3      | Prayed at the altar of an unknown god.
  3180 | D:3      | Fell from the grace of Fedhas
  3180 | D:3      | Became a worshipper of Jiyva Jinnips the Shapeless
  3180 | D:3      | Reached ** piety under Jiyva
  3245 | D:3      | Reached skill level 1 in Shields
  3245 | D:3      | Reached XP level 6. HP: 55/61 MP: 5/12
  3441 | D:3      | Gained mutation: Your rubbery body absorbs attacks. (AC +1,
                  | EV +1) [Jiyva's grace]
  4038 | D:4      | Reached skill level 5 in Spellcasting
  4173 | D:4      | Got a clouded jade ring
  4386 | D:4      | Found a shattered altar of Ashenzari.
  4448 | D:4      | Reached XP level 7. HP: 66/70 MP: 15/15
  4580 | D:4      | Found an ancient bone altar of Kikubaaqudgha.
  5084 | D:4      | Noticed a wandering mushroom
  5084 | D:4      | Noticed an oklob plant
  5084 | D:4      | Noticed a wandering mushroom
  5084 | D:4      | Noticed a wandering mushroom
  5084 | D:4      | Noticed an oklob plant
  5096 | D:4      | Mangled by a wandering mushroom

Skill      XL: |  1  2  3  4  5  6 |
---------------+-------------------+-----
Earth Magic    | 3 |  3.5
Fighting       | 1 2 3 4 |  4.4
Spellcasting   | 3 4 5 |  5.8
Axes           | 1 |  1.0
Dodging        | 2 |  2.7
Shields        | 1 |  1.2
Stealth        | |  1.5
Unarmed Combat | |  0.8
Transmutations | |  0.9

Action                   |  1- 3 |  4- 6 |  7- 9 || total
-------------------------+-------+-------+-------++-------
Melee: Short sword       |     4 |       |       ||     4
       Hand axe          |    16 |       |       ||    16
       Dagger            |    63 |   128 |    31 ||   222
Throw: Stone             |     1 |       |       ||     1
       Tomahawk          |     1 |    30 |     2 ||    33
 Cast: Sandblast         |    18 |    47 |     3 ||    68
Invok: Fungal Bloom      |       |     3 |       ||     3
       Request Jelly     |       |     2 |       ||     2
  Use: Scroll            |     3 |       |       ||     3
 Stab: Sleeping          |       |     1 |       ||     1
  Eat: Chunk             |     2 |    15 |     2 ||    19
       Ration            |       |     1 |       ||     1
Armor: Robe              |    40 |    40 |     6 ||    86
Dodge: Dodged            |    33 |    35 |     9 ||    77
Block: Medium shield     |    21 |    39 |     7 ||    67
